 Dungeon Crawl Stone Soup version 0.28.0-53-g5a82cb258f (webtiles) character file.

Game seed: 15755326458308661341

130 DungeonMaster the Magician (level 4, -6/30 HPs)
             Began as a Demonspawn Hedge Wizard on June 25, 2022.
             Mangled by an iguana (13 damage)
             ... on level 4 of the Dungeon.
             The game lasted 00:07:16 (4098 turns).

DungeonMaster the Magician (DsWz)                   Turns: 4098, Time: 00:07:17

Health: -6/30      AC:  3    Str: 10    XL:     4   Next: 89%
Magic:  0/10       EV: 12    Int: 18    God:
Gold:   153        SH:  0    Dex: 12    Spells: 5/11 levels left

rFire   + . .      SeeInvis .   a - staff of fire
rCold   . . .      Faith    .   (no shield)
rNeg    . . .      Spirit   .   b - +0 robe
rPois   +          Reflect  .   c - +0 hat
rElec   .          Harm     .   (no cloak)
rCorr   .          Rampage  .   (no gloves)
Will    .....                   k - +0 pair of boots
Stlth   ++........              h - amulet of regeneration
HPRegen 0.90/turn               d - ring of poison resistance
MPRegen 0.12/turn               (no ring)

@: no status effects
A: claws 1
a: no special abilities


You were on level 4 of the Dungeon.
You visited 1 branch of the dungeon, and saw 4 of its levels.

You collected 153 gold pieces.

Inventory:

Hand Weapons
 q - a +0 spear
Missiles
 f - 8 stones (quivered)
 g - 5 silver boomerangs
 m - 55 bolts
 p - 15 sling bullets
Armour
 b - a +0 robe (worn)
 c - a +0 hat (worn)
 j - a +0 leather armour
 k - a +0 pair of boots (worn)
 o - a +0 ring mail
Magical Staves
 a - a staff of fire (weapon)
Jewellery
 d - a ring of poison resistance (left claw)
 h - an amulet of regeneration (around neck)
 l - a ring of protection from cold
Potions
 e - a potion of heal wounds
 i - 3 potions of curing {unknown}
 n - a potion of lignification {unknown}
 r - a potion of haste {unknown}


   Skills:
 - Level 1.7 Dodging
 - Level 1.7 Stealth
 * Level 4.0 Spellcasting
 * Level 2.9 Conjurations
 - Level 1.0 Summonings
 - Level 0.8 Translocations
 * Level 1.2 Air Magic
 * Level 1.4 Poison Magic


You had 5 spell levels left.
You knew the following spells:

 Your Spells              Type           Power      Damage    Failure   Level
a - Magic Dart            Conj           56%        1d5       4%          1
b - Blink                 Tloc           12%        N/A       16%         2
d - Mephitic Cloud        Conj/Pois/Air  10%        N/A       21%         3

Your spell library contained the following spells:

 Spells                   Type           Power      Damage    Failure   Level
 Slow                     Hex            12%        N/A       14%         1
 Call Imp                 Summ           7%         N/A       14%         2
 Conjure Flame            Conj/Fire      13%        6-21      24%         3


Dungeon Overview and Level Annotations

Branches:
Dungeon (4/15)
 Temple: D:4-7

Altars:
Trog

Shops:
D:2 *

Annotations:
D:3 exclusion: ice beast


Innate Abilities, Weirdness & Mutations

You have sharp fingernails.


Message History

Casting: Magic Dart (safe; 4% risk of failure)
Confirm with . or Enter, or press ? or * to list all spells.
Aiming: Magic Dart (safe; 4% risk of failure)
Press: ? - help, Shift-Dir - straight line, f/p - iguana
Aim: an iguana (moderately wounded, 100% to hit)
The magic dart hits the iguana but does no damage.
The iguana is moderately wounded.
The iguana bites you but does no damage.
Casting: Magic Dart (safe; 4% risk of failure)
Confirm with . or Enter, or press ? or * to list all spells.
You don't have enough magic to cast this spell.
Throw: dart (poison)
Press: ? - help, Q - select action, (/) - cycle Shift-Dir - straight line, f/p - iguana
Aim: an iguana (moderately wounded, 60% to hit)
You throw a poisoned dart.
The poisoned dart barely misses the iguana.
The iguana misses you.
Throw: 11 stones
Press: ? - help, Q - select action, (/) - cycle Shift-Dir - straight line, f/p - iguana
Aim: an iguana (moderately wounded, 60% to hit)
You throw a stone.
The stone hits the iguana but does no damage.
The iguana is moderately wounded.
The iguana closely misses you.
Throw: 10 stones
Press: ? - help, Q - select action, (/) - cycle Shift-Dir - straight line, f/p - iguana
Aim: an iguana (moderately wounded, 60% to hit)
You throw a stone.
The stone hits the iguana but does no damage.
The iguana is moderately wounded.
The iguana bites you!
* * * LOW HITPOINT WARNING * * *
Throw: 9 stones
Press: ? - help, Q - select action, (/) - cycle Shift-Dir - straight line, f/p - iguana
Aim: an iguana (moderately wounded, 60% to hit)
You throw a stone.
The stone hits the iguana but does no damage.
The iguana is moderately wounded.
The iguana bites you!
You die...

#.....# #...#
###.....############...##
..........)..........(...
###.....###########....##
..............# #....#
###.....#####.. #....#
#.....# #.####
#.....######.# #.#
######@......# #.#
##l####.# #.# B(# ..# (.#
.<( #.#. .(.


You could see an iguana and a giant cockroach.

Vanquished Creatures
  Natasha (twice) (D:3)
  3 adders
  A worm (D:4)
  3 dart slugs
  An orc (D:3)
  4 ball pythons
  2 endoplasms (D:1)
  2 giant cockroaches
  4 hobgoblins
  4 jackals (D:4)
  3 quokkas
  3 bats
  3 frilled lizards
  4 goblins
  3 kobolds
  2 rats
44 creatures vanquished.

Notes
Turn   | Place    | Note
-------+----------+-------------------------------------------
     0 | D:1      | DungeonMaster the Demonspawn Hedge Wizard began the quest
                  | for the Orb.
     0 | D:1      | Reached XP level 1. HP: 13/13 MP: 4/4
   235 | D:1      | Found a faded altar of an unknown god.
   515 | D:1      | Discovered your monstrous ancestry.
   515 | D:1      | Gained mutation: You have sharp fingernails. [demonic
                  | ancestry]
   515 | D:1      | Reached XP level 2. HP: 16/19 MP: 1/6
  1343 | D:2      | Found Gaririy's Assorted Antiques.
  1347 | D:2      | Learned a level 2 spell: Blink
  1533 | D:2      | Reached XP level 3. HP: 22/24 MP: 1/8
  1590 | D:2      | Noticed a scorpion
  1960 | D:2      | Learned a level 3 spell: Mephitic Cloud
  2598 | D:3      | Noticed an ice beast
  2683 | D:3      | Noticed Natasha
  2702 | D:3      | Killed Natasha
  2775 | D:3      | Found a bloodstained altar of Trog.
  2900 | D:3      | Reached XP level 4. HP: 18/30 MP: 1/9
  3073 | D:3      | Noticed Natasha
  3089 | D:3      | Killed Natasha
  3090 | D:3      | Reached skill level 1 in Air Magic
  3090 | D:3      | Reached skill level 1 in Poison Magic
  3879 | D:4      | Reached skill level 4 in Spellcasting
  4098 | D:4      | Mangled by an iguana

Illustrated notes

Levels and vault maps discovered:
D:1:      dpeg_arrival_tiny_h, layout_loops_ring,
          hellmonk_ecumenical_altar_inner_sanctum, minmay_heptomino_l4
D:2:      layout_basic, serial_shops, nicolae_diamond_shop
D:3:      layout_basic, bloody_trog, mainiacjoe_overflow_alcove_4, uniq_natasha
D:4:      layout_basic, uniq_edmund

Skill      XL: |  1  2  3  4 |
---------------+-------------+-----
Conjurations   | 2 |  2.9
Air Magic      | 1 |  1.2
Poison Magic   | 1 |  1.4
Spellcasting   | 4 |  4.0
Dodging        | |  1.7
Stealth        | |  1.7
Summonings     | |  1.0
Translocations | |  0.8

Action                   |  1- 3 |  4- 6 || total
-------------------------+-------+-------++-------
Melee: Staff             |    28 |     2 ||    30
Throw: Dart              |       |     5 ||     5
       Stone             |       |     3 ||     3
 Cast: Magic Dart        |    82 |    69 ||   151
  Use: Scroll            |     7 |       ||     7
       Potion            |     1 |       ||     1
Armor: Robe              |     7 |     3 ||    10
Dodge: Dodged            |    34 |    25 ||    59
